 Dungeon Crawl Stone Soup version 0.28.0 (webtiles) character file.

Game seed: 9227462434758960801

2 dolemite99 the Conjurer (level 1, 0/13 HPs)
             Began as a Demonspawn Conjurer on Feb 15, 2022.
             Slain by a giant cockroach (1 damage)
             ... on level 1 of the Dungeon.
             The game lasted 00:00:48 (367 turns).

dolemite99 the Conjurer (Demonspawn Conjurer)        Turns: 367, Time: 00:00:48

Health: 0/13       AC:  2    Str:  7    XL:     1   Next: 33%
Magic:  0/3        EV: 12    Int: 19    God:
Gold:   0          SH:  0    Dex: 11    Spells: 3/4 levels left

rFire   . . .      SeeInvis .   (no weapon)
rCold   . . .      Faith    .   (no shield)
rNeg    . . .      Spirit   .   a - +0 robe
rPois   .          Reflect  .   (no helmet)
rElec   .          Harm     .   (no cloak)
rCorr   .          Rampage  .   (no gloves)
Will    .....                   (no boots)
Stlth   ++........              (no amulet)
HPRegen 0.04/turn               (no ring)
MPRegen 0.08/turn               (no ring)

@: very slightly contaminated
A: no striking features
a: no special abilities


You were on level 1 of the Dungeon.
You visited 1 branch of the dungeon, and saw 1 of its levels.

Inventory:

Armour
 a - a +0 robe (worn)
Scrolls
 c - a scroll of teleportation {unknown}
Potions
 b - a potion of curing {unknown}


   Skills:
 - Level 1.7 Dodging
 - Level 1.7 Stealth
 - Level 2.0 Spellcasting
 + Level 4.1 Conjurations


You had 3 spell levels left.
You knew the following spells:

 Your Spells              Type           Power      Damage    Failure   Level
a - Magic Dart            Conj           68%        1d6       3%          1

Your spell library contained the following spells:

 Spells                   Type           Power      Damage    Failure   Level
 Searing Ray              Conj           34%        2d5       4%          2
 Dazzling Flash           Conj/Hex       18%        N/A       22%         3
 Fulminant Prism          Conj/Hex       4%         3d6       58%         4
 Iskenderun's Mystic Bla  Conj/Tloc      9%         2d4       58%         4


Dungeon Overview and Level Annotations

Branches:
Dungeon (1/15)

Altars:


Message History

The jackal completely misses you. The jackal barely misses you.
The jackal barely misses you.
A giant cockroach comes into view.
Found a ring mail.
Casting: Magic Dart (safe; 3% risk of failure)
Confirm with . or Enter, or press ? or * to list all spells.
Aiming: Magic Dart (safe; 3% risk of failure)
Press: ? - help, Shift-Dir - straight line, f/p - jackal
Aim: a jackal (severely wounded, 100% to hit)
You miscast Magic Dart.
You are very lightly contaminated with residual magic.
Nothing appears to happen.
The jackal barely misses you.
You hit the jackal but do no damage.
The jackal is severely wounded.
The jackal misses you. x2; The giant cockroach bites you.
You barely miss the jackal.
The jackal is severely wounded.
The jackal barely misses you. The giant cockroach barely misses you.
You barely miss the jackal.
The jackal is severely wounded.
The jackal closely misses you.
The giant cockroach bites you but does no damage.
The jackal closely misses you.
Okay, then.
You hit the jackal but do no damage.
The jackal is severely wounded.
The giant cockroach bites you. The jackal bites you.
* * * LOW HITPOINT WARNING * * *
Casting: Magic Dart (safe; 3% risk of failure)
Confirm with . or Enter, or press ? or * to list all spells.
You don't have enough magic to cast this spell.
You closely miss the jackal.
The jackal is severely wounded.
The giant cockroach barely misses you. The jackal barely misses you.
The giant cockroach misses you.
You hit the jackal.
You kill the jackal!
The giant cockroach bites you.
You die...

#.# #####.######
#.# #.# #.# ## #.#
... .[ #.#######
### #. #........ #.
######### #.
#.....#
#B##########.###.##
#.@Kh........# #...
############.# #.##
#.....# #######


You could see a jackal, a giant cockroach and a kobold.

Vanquished Creatures
  An endoplasm (D:1)
  2 jackals (D:1)
3 creatures vanquished.

Notes
Turn   | Place    | Note
-------+----------+-------------------------------------------
     0 | D:1      | dolemite99 the Demonspawn Conjurer began the quest for the
                  | Orb.
     0 | D:1      | Reached XP level 1. HP: 13/13 MP: 3/3
   367 | D:1      | Slain by a giant cockroach

Illustrated notes

Levels and vault maps discovered:
D:1:      sevenhm_arrival_forest_fort_small_6, layout_loops_ring, st_stairs_7

Action                   || total
-------------------------++-------
Melee: Unarmed           ||     6
 Cast: Magic Dart        ||    11
Armor: Robe              ||     6
Dodge: Dodged            ||    28
